 Dungeon Crawl Stone Soup version 0.29.1-2-gbd0b4ee654 (webtiles) character file.

Game seed: 6963090250845262245

1317 styxcanada the Covert (level 8, -8/40 HPs)
             Began as a Spriggan Brigand on Nov 22, 2022.
             Killed from afar by a white imp (11 damage)
             ... with a puff of frost
             ... on level 6 of the Dungeon on Nov 23, 2022.
             The game lasted 00:25:25 (5811 turns).

styxcanada the Covert (Spriggan Brigand)            Turns: 5811, Time: 00:25:25

Health: -8/40      AC:  5    Str:  7    XL:     8   Next: 33%
Magic:  14/14      EV: 19    Int: 12    God:
Gold:   180        SH:  0    Dex: 19    Spells: 11/14 levels left

rFire   . . .      SeeInvis +   s - +2 dagger (venom)
rCold   . . .      Faith    .   (no shield)
rNeg    . . .      Spirit   .   b - +0 robe
rPois   .          Reflect  .   (helmet restricted)
rElec   .          Harm     .   r - +2 cloak
rCorr   .          Rampage  .   (gloves unavailable)
Will    ++...                   (boots unavailable)
Stlth   +++++.....              (no amulet)
HPRegen 0.13/turn               g - ring of willpower
MPRegen 0.14/turn               t - ring of wizardry

@: very quick
A: very small, no large weapons, unfitting armour, see invisible, speed 3
a: no special abilities


You were on level 6 of the Dungeon.
You visited 2 branches of the dungeon, and saw 7 of its levels.

You collected 261 gold pieces.
You spent 81 gold pieces at shops.

Inventory:

Hand Weapons
 a - a +2 dagger
 f - a +0 sling
 s - a +2 dagger of venom (weapon)
Missiles
 d - 6 poisoned darts (quivered)
 e - 3 curare-tipped darts
 j - 59 stones
Armour
 b - a +0 robe (worn)
 r - a +2 cloak (worn)
Jewellery
 g - a ring of willpower (left hand)
 h - a ring of wizardry
 t - a ring of wizardry (right hand)
Wands
 m - a wand of digging (8)
 B - a wand of polymorph (9)
Scrolls
 c - a scroll of fog
 l - a scroll of teleportation
 q - a scroll of enchant armour
 u - a scroll of amnesia
 w - 2 scrolls of identify
 y - a scroll of immolation
Potions
 i - 6 potions of curing
 k - 2 potions of brilliance
 n - 2 potions of flight
 o - a potion of cancellation
 p - 2 potions of lignification
 v - a potion of attraction {unknown}
 x - 2 potions of heal wounds
 z - 2 potions of mutation {unknown}
 A - a potion of berserk rage
 C - a potion of haste {unknown}
 D - a potion of magic {unknown}


   Skills:
 * Level 3.2 Fighting
 + Level 3.7 Short Blades
 + Level 2.8 Ranged Weapons
 + Level 3.7 Throwing
 * Level 4.6 Dodging
 * Level 9.9 Stealth
 * Level 3.5 Spellcasting
 * Level 2.3 Summonings
 * Level 2.1 Evocations


You had 11 spell levels left.
You knew the following spells:

 Your Spells              Type           Power      Damage    Failure   Level
a - Call Canine Familiar  Summ           7%         N/A       11%         3

Your spell library contained the following spells:

 Spells                   Type           Power      Damage    Failure   Level
 Necrotise                Necr           8%         1d4       10%         1
 Sublimation of Blood     Necr           2%         N/A       14%         2
 Wereblood                Tmut           2%         N/A       14%         2
 Gell's Gravitas          Tloc           2%         N/A       26%         3
 Portal Projectile        Hex/Tloc       4%         N/A       26%         3
 Teleport Other           Tloc           2%         N/A       26%         3
 Vampiric Draining        Necr           2%         2d6       26%         3
 Leda's Liquefaction      Hex/Erth       1%         N/A       65%         4
 Agony                    Necr           2%         N/A       92%         5
 Dispersal                Tloc           1%         N/A       100%        6
 Summon Hydra             Summ           3%         N/A       100%        7


Dungeon Overview and Level Annotations

Branches:
Dungeon (6/15)             Temple (1/1) D:5

Altars:
Ashenzari
Dithmenos
Fedhas
Hepliaklqana
Kikubaaqudgha
Makhleb
Nemelex Xobeh
Okawaru
Ru
Sif Muna
Uskayaw
Vehumet
Wu Jian
Xom
Yredelemnul
Zin

Shops:
D:3 :   D:6 *[?[


Innate Abilities, Weirdness & Mutations

You are very small and have problems with some larger weapons.
You are too small for most types of armour.
You have supernaturally acute eyesight. (SInv)
You cover ground extremely quickly. (Speed+++)


Message History

Aim: an orc priest, wielding a +0 whip (severely wounded, ally target, 63% to hit)
You throw a poisoned dart. The poisoned dart hits the orc priest.
The orc priest is poisoned.
The orc priest is severely wounded.
Your hound bites the orc priest.
Something barely misses your hound.
You kill the orc priest!
The orc misses your hound.
Your hound closely misses the white imp.
There is an open door here.
You start resting.
An orc is nearby!
Your hound disappears in a puff of smoke!
You hit the orc.
The orc is poisoned.
The orc is severely wounded.
The orc closely misses you.
You hit the orc.
You kill the orc!
You closely miss the white imp. The white imp misses you.
You hit the white imp.
The white imp is moderately wounded.
The white imp lashes its tail.
The white imp misses you.
You hit the white imp but do no damage.
The white imp is moderately wounded.
You hit the white imp but do no damage.
The white imp is moderately wounded.
The white imp closely misses you.
You barely miss the white imp.
The white imp is moderately wounded.
The white imp gestures at you. The puff of frost hits you!
* * * LOW HITPOINT WARNING * * *
You hit the white imp.
The white imp is heavily wounded.
The white imp completely misses you.
You closely miss the white imp.
The white imp is heavily wounded.
The white imp gestures at you. The puff of frost hits you!
You die...

..... #... # #... # ........ #...
# ....... #... +
#####.....#+##############... #
....#.....#....##..##....#...
#####...#.....#.....#........'...
....#...#.....#.....#........#...
....#'###.....#.@..##..###'###...
....5.........###5###..###...#...
..........5h........#........#...
...o).(.((o..o......#........+...
....................#........#.#.
....................#'########.#.
..###+##....####...............##
..#[...#....# +.>.............#.
..#....#....# #...............#.


You could see a white imp.

Vanquished Creatures
  Sigmund (D:6)
  2 ice beasts
  An ogre (D:4)
  3 phantoms
  A bullfrog (D:6)
  2 necrophages
  A scorpion (D:5)
  An orc priest (D:6)
  Ijyb (D:3)
  Terence (D:2)
  An iguana (D:4)
  An orc wizard (D:5)
  9 adders
  2 river rats (D:5)
  A worm (D:5)
  11 orcs
  10 endoplasms
  2 giant cockroaches
  3 goblins
  9 hobgoblins
  6 kobolds
  2 quokkas
  11 ball pythons
  A bat (D:3)
  2 frilled lizards
  6 rats
91 creatures vanquished.

Vanquished Creatures (collateral kills)
  An ogre (D:5)
  An orc (D:6)
2 creatures vanquished.

Grand Total: 93 creatures vanquished

Notes
Turn   | Place    | Note
-------+----------+-------------------------------------------
     0 | D:1      | styxcanada the Spriggan Brigand began the quest for the
                  | Orb.
     0 | D:1      | Reached XP level 1. HP: 10/10 MP: 2/2
    43 | D:1      | Reached skill level 6 in Stealth
   415 | D:1      | Found a faded altar of an unknown god.
   466 | D:1      | Reached XP level 2. HP: 14/14 MP: 3/3
   758 | D:2      | Reached skill level 7 in Stealth
   792 | D:2      | Noticed Terence
   824 | D:2      | Killed Terence
   825 | D:2      | Reached XP level 3. HP: 16/18 MP: 4/4
   953 | D:2      | Reached XP level 4. HP: 17/23 MP: 5/5
  1193 | D:2      | Reached skill level 8 in Stealth
  1520 | D:3      | Learned a level 3 spell: Call Canine Familiar
  1573 | D:3      | Found Tofar's Vocational Training.
  1650 | D:3      | Noticed Ijyb
  1694 | D:3      | Killed Ijyb
  1695 | D:3      | Reached XP level 5. HP: 26/26 MP: 5/7
  1922 | D:3      | Reached skill level 1 in Spellcasting
  1988 | D:4      | Noticed an ogre
  2026 | D:4      | Killed an ogre
  2129 | D:4      | Reached XP level 6. HP: 30/30 MP: 9/9
  2970 | D:5      | Entered Level 5 of the Dungeon
  3052 | D:5      | Reached skill level 1 in Summonings
  3162 | D:5      | Noticed an ice beast
  3320 | D:5      | Reached skill level 9 in Stealth
  3349 | D:5      | Killed an ice beast
  3350 | D:5      | Reached skill level 1 in Ranged Weapons
  3350 | D:5      | Reached XP level 7. HP: 17/35 MP: 11/11
  4389 | D:5      | Found a staircase to the Ecumenical Temple.
  4394 | Temple   | Entered the Ecumenical Temple
  5198 | D:6      | Reached skill level 1 in Evocations
  5378 | D:6      | Found Kinaydeh's Magic Scroll Shoppe.
  5380 | D:6      | Found Nareugad's Armour Shoppe.
  5387 | D:6      | Found Qoopyij's General Store.
  5387 | D:6      | Found Hissujio's Armour Shoppe.
  5391 | D:6      | Bought a scroll of identify for 26 gold pieces
  5395 | D:6      | Bought a potion of berserk rage for 55 gold pieces
  5489 | D:6      | Reached XP level 8. HP: 34/39 MP: 13/13
  5623 | D:6      | Noticed Sigmund
  5629 | D:6      | Killed Sigmund
  5811 | D:6      | Killed from afar by a white imp

Illustrated notes

Levels and vault maps discovered:
D:1:      amcnicky_arrival_choice, layout_basic,
          nicolae_ecumenical_snake_handling
D:2:      layout_rooms, uniq_terence
D:3:      layout_rooms, nicolae_shop_vocational, uniq_ijyb
D:4:      layout_basic, minmay_misc_feat_rugged
D:5:      layout_basic, minmay_temple_entry_butterflies, portal_sewer_entry_e
D:6:      layout_gridville, hangedman_decor_push, minmay_shop_grid_forest,
          uniq_sigmund
Temple:   minmay_temple_bridge_d

Skill      XL: |  1  2  3  4  5  6  7  8 |
---------------+-------------------------+-----
Stealth        | 6 7 8 9 |  9.9
Dodging        | 2 3 4 |  4.6
Fighting       | 2 3 |  3.2
Spellcasting   | 1 2 3 |  3.5
Throwing       | 3 |  3.7
Summonings     | 1 2 |  2.3
Short Blades   | 3 |  3.7
Ranged Weapons | 1 2 |  2.8
Evocations     | 1 2 |  2.1

Action                   |  1- 3 |  4- 6 |  7- 9 || total
-------------------------+-------+-------+-------++-------
Melee: Dagger            |    59 |   105 |   147 ||   311
       Punch             |       |     1 |       ||     1
 Fire: Sling             |       |    19 |    28 ||    47
Throw: Dart              |    21 |    38 |    25 ||    84
 Cast: Call Canine Famil |       |       |     4 ||     4
  Use: Scroll            |       |    13 |     3 ||    16
 Stab: Sleeping          |     5 |     9 |     2 ||    16
Armor: Robe              |     6 |    16 |     8 ||    30
Dodge: Dodged            |    36 |    61 |    83 ||   180
